AoeStats
← Suteu

Fortress

508473831Analyzed
4v4 RM · 10d ago on Sep 22, 2026· 37m 45s· 8 players
Game mode
Random Map
Map size
Huge
Population
200
Speed
Normal
Resources
Standard
Victory
Conquest
Starting age
Dark Age
Ending age
Imperial Age
RankedLock teamsTeams togetherTeam positionsShared explorationLock speedFull tech treeHidden civsTurbo modeCheats
Victory
Defeat
🇵🇰 Dravidians · Pakistan
1264
+13
🇬🇧 Celts · United Kingdom
1251
+14
🇧🇩 Huns · Bangladesh
1224
+15
🇹🇼 Italians · Taiwan
1160
+17
🇨🇱 Varangians · Chile
1268
-18
🇦🇷 Mongols · Argentina
1197
-15
🇺🇸 Khitans · United States
1166
-13
🇷🇴 Danes · Romania
1157
-13
Sheepeehs
6:44 Feudal Age
11:26 Castle Age
9:25 Double-Bit Axe
10:05 Horse Collar
11:47 Wheelbarrow
12:27 Bow Saw
16:07 Loom
18:00 Wheelbarrow
18:31 Gold Mining
20:15 Town Watch
21:22 Gold Shaft Mining
23:45 Hand Cart
27:55 Imperial Age
26:16 Fletching
26:26 Padded Archer Armor
26:51 Elite Skirmisher
28:13 Capped Ram
29:06 Bodkin Arrow
28:48 Heavy Scorpion
31:10 Siege Ram
32:14 Furor Celtica
34:11 Heavy Plow
Night Fury
7:08 Feudal Age
7:35 Horse Collar
11:43 Castle Age
11:08 Double-Bit Axe
13:23 Bow Saw
13:16 Heavy Plow
13:09 Loom
17:57 Wheelbarrow
17:11 Town Watch
18:24 Loom
20:22 Fletching
20:54 Padded Archer Armor
20:53 Stone Mining
20:57 Gold Mining
21:28 Bodkin Arrow
26:07 Imperial Age
24:14 Stone Mining
26:46 Ballistics
27:04 Leather Archer Armor
28:09 Chemistry
30:14 Elite Elephant Archer
31:28 Bracer
33:42 Thumb Ring
34:32 Ring Archer Armor
CumansCumin
8:23 Feudal Age
12:11 Castle Age
10:04 Double-Bit Axe
10:26 Horse Collar
13:47 Bow Saw
13:39 Heavy Plow
14:30 Wheelbarrow
16:11 Loom
20:01 Scale Barding Armor
20:26 Hand Cart
20:41 Husbandry
20:52 Bloodlines
20:51 Gold Mining
20:53 Stone Mining
21:46 Fervor
22:10 Chain Barding Armor
22:00 Forging
23:52 Gold Shaft Mining
28:03 Imperial Age
26:50 Iron Casting
25:38 Light Cavalry
27:03 Marauders
29:14 Conscription
28:15 Elite Tarkan
29:53 Plate Barding Armor
30:25 Two-Man Saw
30:51 Blast Furnace
30:05 Murder Holes
35:38 Fletching
35:48 Padded Archer Armor
36:14 Ballistics
36:54 Chemistry
36:05 Masonry
35:26 Sappers
36:17 Atheism
傳奇商店
1:08 Loom
8:07 Feudal Age
6:46 Loom
8:32 Feudal Age
13:55 Castle Age
12:00 Horse Collar
13:57 Double-Bit Axe
17:10 Imperial Age
15:42 Gold Mining
16:16 Fletching
16:26 Padded Archer Armor
17:19 Bodkin Arrow
19:09 Bracer
22:24 Leather Archer Armor
26:03 Ring Archer Armor
31:58 Wheelbarrow
31:33 Thumb Ring
34:26 Chemistry
33:47 Ballistics
34:15 Elite Genoese Crossbowman
38:30 Conscription
Suteu
1:55 Loom
7:25 Feudal Age
8:29 Double-Bit Axe
8:29 Horse Collar
10:33 Wheelbarrow
14:06 Castle Age
13:37 Gold Mining
14:59 Bow Saw
14:49 Heavy Plow
19:16 Forging
19:07 Scale Mail Armor
19:34 Arson
19:50 Squires
20:32 Iron Casting
21:48 Chain Mail Armor
22:22 Padded Archer Armor
22:13 Fletching
21:50 Elite Skirmisher
25:29 Leather Archer Armor
26:34 Bodkin Arrow
30:12 Thumb Ring
32:34 Gold Shaft Mining
37:00 Imperial Age
35:59 Hand Cart
tracter3515
9:25 Feudal Age
13:07 Castle Age
11:17 Domestication
11:24 Double-Bit Axe
14:20 Forging
14:16 Scale Barding Armor
14:15 Husbandry
15:29 Wheelbarrow
14:22 Light Cavalry
15:40 Loom
20:03 Hand Cart
20:03 Bow Saw
22:25 Town Watch
23:12 Chain Barding Armor
23:32 Squires
23:31 Arson
23:32 Gambesons
26:03 Treadmill Crane
30:07 Imperial Age
29:22 Iron Casting
30:08 Heavy Camel Rider
31:52 Two-Man Saw
30:53 Pastoralism
31:39 Plate Barding Armor
35:33 Fletching
36:24 Fortified Wall
Lucia Galan
7:45 Feudal Age
11:37 Castle Age
10:21 Double-Bit Axe
10:18 Horse Collar
10:30 Gold Mining
14:50 Forging
15:09 Husbandry
18:49 Loom
22:15 Wheelbarrow
22:14 Scale Barding Armor
23:52 Chain Barding Armor
24:07 Fletching
24:05 Elite Skirmisher
25:54 Bodkin Arrow
26:14 Padded Archer Armor
26:08 Town Watch
28:20 Ballistics
32:10 Padded Archer Armor
33:19 Leather Archer Armor
33:52 Bow Saw
Neitan
6:38 Feudal Age
10:58 Castle Age
12:52 Double-Bit Axe
13:46 Horse Collar
14:51 Bow Saw
15:17 Loom
20:12 Heavy Plow
20:42 Gold Mining
21:46 Wheelbarrow
20:56 Town Watch
25:55 Imperial Age
25:34 Fletching
26:14 Padded Archer Armor
26:38 Bodkin Arrow
26:35 Elite Mangudai
27:37 Conscription
27:21 Bracer
28:23 Chemistry
27:44 Ballistics
27:51 Ballistics
27:41 Town Patrol
27:57 Hand Cart
28:40 Capped Ram
29:55 Leather Archer Armor
30:50 Parthian Tactics
32:05 Drill
Connection lost

Rejoining the realm…

Still unreachable

The connection could not be restored.

Session expired

The server has moved on; the page needs a fresh start.